 Dungeon Crawl Stone Soup version 0.32-a0-128-g77eb882913 (webtiles) character file.

Game seed: 13231252960883272712

106 Nattfarinn the Changeling (level 4, -1/38 HPs)
             Began as a Naga Shapeshifter on Feb 8, 2024.
             Slain by an orc
             ... wielding a +0 flail
              (4 damage)
             ... on level 2 of the Dungeon.
             The game lasted 00:05:32 (2211 turns).

Nattfarinn the Changeling (Naga Shapeshifter)       Turns: 2211, Time: 00:05:32

Health: -1/38      AC:  6    Str: 21    XL:     4   Next: 84%
Magic:  4/4        EV:  9    Int: 14    God:
Gold:   213        SH:  0    Dex:  6    Spells: 3/3 levels left

rFire   . . .        f - +0 sling
rCold   . . .        (no shield)
rNeg    . . .        k - +1 leather armour "Hihosom" {Str+3 Int+3 Dex-4}
rPois   +            l - +2 helmet
rElec   .            (no cloak)
rCorr   .            (no gloves)
SInv    +            (no barding)
Will    .....        g - amulet of the acrobat
Stlth   +            (no ring)
HPRegen 0.26/turn    (no ring)
MPRegen 0.09/turn

%: acrobat
@: very slow
A: AC +1, large, see invisible, deformed body, poison resistance, slowness 2,
spit poison 1, naga tail 1
a: Spit Poison


You were on level 2 of the Dungeon.
You visited 1 branch of the dungeon, and saw 3 of its levels.

You collected 213 gold pieces.

Inventory:

Hand Weapons
 f - a +0 sling (weapon)
Armour
 a - a +0 animal skin
 k - the +1 leather armour "Hihosom" (worn) {Str+3 Int+3 Dex-4}
   (You found it on level 2 of the Dungeon)

   Str+3:     It affects your strength (+3).
   Int+3:     It affects your intelligence (+3).
   Dex-4:     It affects your dexterity (-4).
 l - a +2 helmet (worn)
Jewellery
 g - an amulet of the acrobat (around neck)
Talismans
 c - a beast talisman
 d - a flux talisman
Wands
 q - a wand of light (10)
Scrolls
 h - 2 scrolls of teleportation
 j - a scroll of revelation
 p - a scroll of fog
Potions
 i - a potion of haste
 o - 2 potions of cancellation


   Skills:
 - Level 1.0 Fighting
 - Level 1.5 Dodging
 - Level 3.0 Unarmed Combat
 * Level 5.1 Shapeshifting


You had 3 spell levels left.
You didn't know any spells.
Your spell library contained the following spells:

 Spells                   Type           Power      Damage    Failure   Level
 Magic Dart               Conj           0%         1d3       32%         1
 Searing Ray              Conj           0%         2d4       45%         2
 Fulminant Prism          Conj/Alch      0%         3d5       97%         4


Dungeon Overview and Level Annotations

Branches:
Dungeon (3/15)

Altars:


Innate Abilities, Weirdness & Mutations

Your serpentine skin is tough. (AC +1)
You have supernaturally acute eyesight. (SInv)
Armour fits poorly on your strangely shaped body.
Your system is resistant to poisons. (rPois)
You cover ground very slowly.
You can spit poison.
You have a snake-like lower body.


Message History

Aim: an orc, wielding a +0 falchion and wearing a +0 leather armour (59% to hit)
The splash of poison hits the orc but does no damage.
The orc is poisoned.
The orc hits you but does no damage. x2
Unknown command.
You feel better. The orc hits you but does no damage. x2
You shoot a sling bullet. The sling bullet barely misses the orc.
The orc barely misses you. The orc hits you but does no damage. x2
You shoot a sling bullet.
The sling bullet closely misses the orc.
The orc hits you with a +0 flail.
* * * LOW HITPOINT WARNING * * *
The orc hits you with a +0 falchion.
* * * LOW HITPOINT WARNING * * *
The orc hits you but does no damage.
You shoot a sling bullet.
The sling bullet hits the orc but does no damage.
The orc is almost dead.
You have got your breath back.
The orc hits you with a +0 falchion.
* * * LOW HITPOINT WARNING * * *
The orc hits you but does no damage. x2
Aiming: Spit Poison (1% risk of failure)
Press: ? - help, Shift-Dir - straight line, f/p - orc
Aim: an orc, wielding a +0 flail and wearing a +0 scale mail (almost dead, 65% to hit)
The splash of poison misses the orc.
The orc hits you with a +0 flail.
* * * LOW HITPOINT WARNING * * *
The orc hits you but does no damage.
You feel better.
You kill the orc!
The orc hits you with a +0 flail.
* * * LOW HITPOINT WARNING * * *
It was a potion of cancellation.
Your magical effects are unravelling.
You feel magically purged.
You feel less wooden.
Your +2 helmet unmelds from your body.
The +1 leather armour "Hihosom" {Str+3 Int+3 Dex-4} unmelds from your body.
You have got your breath back.
The orc hits you with a +0 flail.
You die...

.###.#..####..~..#.#.....##
.###.#..# ##...##.#.#.#..##
.....#..# ##.##..#.#.##..#
######..# #....#...##.#..#
........# ###.###..†#.#..#
........# #####.#.##.)....#
############.......####....#
...## ##.........o.# ##...##
....###..##.....@..# #..#.#
.....#...#.......).# #....#
...##.#..#.........# #.####
##.##.#..#.........# #.#
...÷..........(....# #.#
..........########## #.#
####.##.###♣.....♣## #.#
####.##.##.........###.####
..##.####...........##....#


You could see an orc.

Vanquished Creatures
  3 gnolls (D:3)
  3 adders
  A ribbon worm (D:2)
  An orc (D:2)
  10 goblins
  7 hobgoblins
  2 jackals (D:2)
  4 quokkas
  3 ball pythons
  A frilled lizard (D:2)
  4 kobolds
  7 rats
46 creatures vanquished.

Notes
Turn   | Place    | Note
-------+----------+-------------------------------------------
     0 | D:1      | Nattfarinn the Naga Shapeshifter began the quest for the
                  | Orb.
     0 | D:1      | Reached XP level 1. HP: 18/18 MP: 1/1
   384 | D:1      | Reached XP level 2. HP: 25/25 MP: 2/2
   972 | D:2      | Identified the +1 leather armour "Hihosom" {Str+3 Int+3
                  | Dex-4}
  1047 | D:2      | Reached XP level 3. HP: 31/31 MP: 3/3
  1153 | D:2      | Reached skill level 4 in Shapeshifting
  1812 | D:3      | Reached XP level 4. HP: 32/38 MP: 4/4
  2115 | D:3      | Reached skill level 5 in Shapeshifting
  2209 | D:2      | HP: 1/57 [orc/+0 flail (6)]
  2211 | D:2      | Slain by an orc

Illustrated notes

Levels and vault maps discovered:
D:1:      dpeg_arrival_tiny_e, layout_loops_corners, serial_bayou,
          serial_bayou_pond_e, serial_bayou_shore_a, serial_bayou_ford_a,
          serial_bayou_pond_c, serial_bayou_pond_e, serial_bayou_pond_a,
          hangedman_decor_points
D:2:      layout_loops_cross, kennysheep_small_spiral, kennysheep_donut,
          amcnicky_mini_pool_small, minmay_misc_feat_columns,
          kennysheep_cross_bottleneck, minmay_pentomino_s2
D:3:      cheibrodos_greedy_goblins, layout_rooms,
          nicolae_kikubaaqudgha_miasma_corner

Skill      XL: |  1  2  3  4 |
---------------+-------------+-----
Shapeshifting  | 4 5 |  5.1
Fighting       | |  1.0
Dodging        | |  1.5
Unarmed Combat | |  3.0

Action                     |  1- 3 |  4- 6 || total
---------------------------+-------+-------++-------
  Melee: Unarmed           |    29 |       ||    29
         Punch             |     1 |       ||     1
   Fire: Sling             |    16 |    54 ||    70
Ability: Spit Poison       |    29 |    11 ||    40
         Begin Untransform |       |     1 ||     1
    Use: Scroll            |     4 |     4 ||     8
         Potion            |       |     4 ||     4
 Armour: Leather armour    |    32 |    41 ||    73
         Animal skin       |     2 |       ||     2
         Skin              |       |    19 ||    19
  Dodge: Dodged            |    39 |    46 ||    85

Table legend: (Time is in decaauts)
 A = Elapsed time spent in this place.
 B = Non-inter-level travel time spent in this place.
 C = Inter-level travel time spent in this place.
 D = Time resting spent in this place.
 E = Time spent auto-exploring this place.
 F = Levels seen in this place.
 G = Mean time per level.
                   A        B        C        D        E       F      G
               +--------+--------+--------+--------+--------+-----+--------+
         Total |   2942 |   2831 |    111 |      0 |   2361 |   3 |  980.7 |
       Dungeon |   2942 |   2831 |    111 |      0 |   2361 |   3 |  980.7 |
               +--------+--------+--------+--------+--------+-----+--------+

Top non-repeatable levels by time:
     D:1: 1236 daAuts
     D:2: 1156 daAuts
     D:3: 549 daAuts
